 Dungeon Crawl Stone Soup version 0.21.0-3-g78d12a8bdd (webtiles) character file.

368 Janosik the Sneak (level 7, -3/54 HPs)
             Began as a Formicid Enchanter on Jan 9, 2018.
             Killed by divine providence
             ... invoked by an orc priest
              (10 damage)
             ... on level 4 of the Dungeon.
             The game lasted 00:17:02 (5300 turns).

Janosik the Sneak (Formicid Enchanter)              Turns: 5300, Time: 00:17:03

Health: -3/54      AC:  8    Str: 14    XL:     7   Next: 1%
Magic:  1/10       EV: 11    Int: 15    God:
Gold:   108        SH:  0    Dex: 11    Spells: 6/10 levels left

rFire    . . .     SeeInvis +   b - +1 dagger (flame)
rCold    . . .     Gourm    .   (no shield)
rNeg     . . .     Faith    .   w - +0 ring mail
rPois    .         Spirit   .   (helmet unavailable)
rElec    .         Reflect  .   (no cloak)
rCorr    .         Harm     .   q - +2 pair of gloves
MR       .....                  (no boots)
Stlth    ++........             (no amulet)
HPRegen  0.18/turn              (no ring)
MPRegen  0.12/turn              (no ring)

@: no status effects
A: permanent stasis, dig shafts and tunnels, four strong arms, antennae 3
a: Dig, Shaft Self


You were on level 4 of the Dungeon.
You were very hungry.

You visited 1 branch of the dungeon, and saw 4 of its levels.

You collected 108 gold pieces.

Inventory:

Hand Weapons
 a - a +1 whip of electrocution
 b - a +1 dagger of flaming (weapon)
 c - a +0 dagger of venom
 h - a +3 short sword
Armour
 m - a +0 large shield
 q - a +2 pair of gloves (worn)
 w - a +0 ring mail (worn)
Scrolls
 f - 2 scrolls of remove curse {unknown}
 g - 2 scrolls of blinking {unknown}
 i - 3 scrolls of identify {unknown}
 k - 4 scrolls of random uselessness {unknown}
 n - a scroll of teleportation {unknown}
 r - a scroll of enchant weapon {unknown}
 s - a scroll of enchant armour {unknown}
Potions
 e - 2 potions of lignification {unknown}
 j - a potion of invisibility {unknown}
 l - 2 potions of flight {unknown}
 t - a potion of ambrosia {unknown}
Books
 u - a book of Maledictions

   Spells                             Type                      Level
   a - Corona                         Hexes                        1
   b - Ensorcelled Hibernation        Hexes/Ice                    2
   c - Confuse                        Hexes                        3
   d - Tukima's Dance                 Hexes                        3
   e - Dazzling Spray                 Conjuration/Hexes            3
Comestibles
 d - 5 rations


   Skills:
 - Level 4.0 Fighting
 - Level 1.0 Short Blades
 * Level 1.9 Armour
 - Level 3.0 Dodging
 - Level 5.2 Stealth
 - Level 2.1 Spellcasting
 - Level 5.0 Hexes


You had 6 spell levels left.
You knew the following spells:

 Your Spells              Type           Power        Failure   Level  Hunger
a - Corona                Hex            ###....      5%          1    #......
b - Confuse               Hex            ###.....     16%         3    ###....


Dungeon Overview and Level Annotations

Branches:
Dungeon (4/15)
 Temple: D:4-7

Altars:
Qazlal

Annotations:
D:3 1 exclusion
D:4 exclusion: skeleton


Innate Abilities, Weirdness & Mutations

You cannot be hasted, slowed, berserked, paralysed or teleported.
You can dig through walls and to a lower floor.
Your four strong arms can wield two-handed weapons with a shield.
You have a pair of large antennae on your head. (SInv)


Message History

Confirm with . or Enter, or press ? or * to list all spells.
Aiming: Corona
Press: ? - help, Shift-Dir - straight line, f/p - orc priest
Aim: an orc priest, wielding a whip and wearing a ring mail (moderately wounded, chance to defeat MR: 53%)
The orc priest struggles to resist.
The orc priest calls down the wrath of Beogh upon you.
Beogh smites you!
Casting: Corona
Confirm with . or Enter, or press ? or * to list all spells.
Aiming: Corona
Press: ? - help, Shift-Dir - straight line, f/p - orc priest
Aim: an orc priest, wielding a whip and wearing a ring mail (moderately wounded, chance to defeat MR: 53%)
The orc priest is outlined in light.
The orc priest hits you with a whip.
You hit the orc priest. You burn the orc priest.
The orc priest is severely wounded.
The orc priest invokes the aid of Beogh against you.
Beogh smites you!
You die...

##.#.....# #
##.##.....#
#)###.......
#####.###.######
#.##{## ###
##)##{# #.##.##
##.##.# #@##.##
##o##.# #.##.##
##.##.# #.##.##
##.##.# ##.o##
####


You could see an orc priest.

Vanquished Creatures
  4 orc wizards
  2 hounds (D:4)
  5 gnolls
  6 adders
  An ooze (D:1)
  A worm (D:2)
  2 dart slugs (D:1)
  A leopard gecko (D:1)
  7 orcs
  6 giant cockroaches
  12 goblins
  7 hobgoblins
  6 jackals
  8 kobolds
  4 bats
  4 frilled lizards
  8 rats
84 creatures vanquished.

Notes
Turn   | Place    | Note
-------+----------+-------------------------------------------
     0 | D:1      | Janosik the Formicid Enchanter began the quest for the Orb.
     0 | D:1      | Reached XP level 1. HP: 13/13 MP: 3/3
   127 | D:1      | Reached skill level 1 in Fighting
   297 | D:1      | Reached XP level 2. HP: 21/21 MP: 5/5
   890 | D:1      | Reached XP level 3. HP: 28/28 MP: 3/6
   907 | D:1      | Learned a level 3 spell: Confuse
  1730 | D:2      | Reached XP level 4. HP: 35/35 MP: 7/7
  2888 | D:2      | Reached skill level 5 in Stealth
  2888 | D:2      | Reached XP level 5. HP: 22/41 MP: 0/8
  2926 | D:2      | HP: 2/41 [poisoned by an orc wizard]
  4302 | D:3      | Reached XP level 6. HP: 9/47 MP: 2/9
  4913 | D:3      | Found a stormy altar of Qazlal.
  4942 | D:3      | Reached skill level 5 in Hexes
  5088 | D:4      | Noticed a phantom
  5226 | D:4      | Reached skill level 1 in Armour
  5227 | D:4      | Reached XP level 7. HP: 33/54 MP: 0/10
  5300 | D:4      | Killed from afar by an orc priest

Skill      XL: |  1  2  3  4  5  6 |
---------------+-------------------+-----
Fighting       | 1 2 3 4 |  4.0
Dodging        | 2 3 |  3.0
Stealth        | 5 |  5.2
Hexes          | 4 5 |  5.0
Armour         | 1 |  1.9
Short Blades   | |  1.0
Spellcasting   | |  2.1

Action                   |  1- 3 |  4- 6 |  7- 9 || total
-------------------------+-------+-------+-------++-------
Melee: Dagger            |   121 |    99 |    11 ||   231
       Whip              |    25 |    81 |     8 ||   114
 Cast: Corona            |    30 |    36 |     3 ||    69
       Confuse           |       |    28 |     2 ||    30
 Abil: Dig               |       |    10 |     1 ||    11
 Stab: Sleeping          |     5 |     6 |       ||    11
       Confused          |       |     6 |     1 ||     7
  Eat: Chunk             |     3 |    10 |     1 ||    14
       Ration            |       |     2 |       ||     2
Armor: Robe              |    27 |    41 |       ||    68
       Ring mail         |       |    27 |     9 ||    36
Dodge: Dodged            |    92 |   135 |     6 ||   233
